 Dungeon Crawl Stone Soup version 0.21.1-1-g345015f (webtiles) character file.

1222 tidbits the Chiller (level 8, -2/58 HPs)
             Began as a Gnoll Ice Elementalist on Mar 30, 2018.
             Slain by an ogre
             ... wielding a +0 giant club
              (6 damage)
             ... on level 7 of the Dungeon.
             The game lasted 00:13:42 (1245 turns).

tidbits the Chiller (Gnoll Ice Elementalist)        Turns: 1245, Time: 00:13:42

Health: -2/58      AC:  9    Str: 11    XL:     8   Next: 47%
Magic:  0/17       EV: 19    Int: 20    God:
Gold:   149        SH:  0    Dex: 15    Spells: 13/19 levels left

rFire    . . .     SeeInvis .   k - +1 rapier (venom)
rCold    . . .     Gourm    .   (no shield)
rNeg     . . .     Faith    .   d - +0 robe
rPois    .         Spirit   +   (helmet restricted)
rElec    .         Reflect  .   j - scarf {Spirit}
rCorr    .         Harm     .   (no gloves)
MR       .....     Rnd*Rage +   (no boots)
Stlth    +++.......             (no amulet)
HPRegen  0.19/turn              V - +4 ring of evasion (curse)
MPRegen  0.15/turn              (no ring)

@: icy armour, drained, slow
A: distributed training, antennae 1, fangs 1, berserk 1, sense surroundings 1,
strong nose
a: no special abilities


You were on level 7 of the Dungeon.
You were hungry.

You visited 1 branch of the dungeon, and saw 7 of its levels.

You collected 149 gold pieces.

Inventory:

Hand Weapons
 a - a +0 short sword
 g - a +0 hand axe of freezing
   (You took it off an orc on level 4 of the Dungeon)
 h - a +0 dagger
 k - a +1 rapier of venom (weapon)
   (You took it off Duvessa on level 4 of the Dungeon)
 n - a +0 shortbow
Missiles
 r - 43 arrows
Armour
 d - a +0 robe (worn)
 j - a scarf of spirit shield (worn)
   (You found it on level 2 of the Dungeon)
 m - a +3 scale mail of fire resistance
   (You took it off Duvessa on level 4 of the Dungeon)
Jewellery
 V - a cursed +4 ring of evasion (left hand)
   (You found it on level 4 of the Dungeon)
Wands
 e - a wand of digging (12)
Scrolls
 o - a scroll of enchant weapon
 q - a scroll of fear
Potions
 p - 2 potions of flight
 s - a potion of brilliance
Books
 b - a book of Frost

   Spells                             Type                      Level
   a - Freeze                         Ice                          1
   b - Throw Frost                    Conjuration/Ice              2
   c - Ozocubu's Armour               Charms/Ice                   3
   d - Throw Icicle                   Conjuration/Ice              4
   e - Summon Ice Beast               Ice/Summoning                4
Comestibles
 c - 6 rations


   Skills:
 + Level 3.2(3.0) Fighting
 + Level 3.2(3.0) Short Blades
 + Level 3.2(3.0) Long Blades
 + Level 3.2(3.0) Axes
 + Level 3.2(3.0) Maces & Flails
 + Level 3.2(3.0) Polearms
 + Level 3.2(3.0) Staves
 + Level 3.2(3.0) Slings
 + Level 3.2(3.0) Bows
 + Level 3.2(3.0) Crossbows
 + Level 3.2(3.0) Throwing
 + Level 3.2(3.0) Armour
 + Level 5.6(5.4) Dodging
 + Level 5.3(5.1) Stealth
 + Level 3.2(3.0) Shields
 + Level 3.2(3.0) Unarmed Combat
 + Level 6.0(5.7) Spellcasting
 + Level 3.4(3.2) Conjurations
 + Level 2.6(2.4) Hexes
 + Level 2.6(2.4) Charms
 + Level 2.6(2.4) Summonings
 + Level 2.6(2.4) Necromancy
 + Level 2.6(2.4) Translocations
 + Level 2.6(2.4) Transmutations
 + Level 2.6(2.4) Fire Magic
 + Level 6.1(5.8) Ice Magic
 + Level 2.6(2.4) Air Magic
 + Level 2.6(2.4) Earth Magic
 + Level 2.6(2.4) Poison Magic
 + Level 3.5(3.3) Invocations
 + Level 3.2(3.0) Evocations


You had 13 spell levels left.
You knew the following spells:

 Your Spells              Type           Power        Failure   Level  Hunger
a - Freeze                Ice            ####         1%          1    None
j - Throw Frost           Conj/Ice       ###...       2%          2    None
o - Ozocubu's Armour      Chrm/Ice       ###.....     6%          3    ##.....


Dungeon Overview and Level Annotations

Branches:
Dungeon (7/15)
 Temple: D:4-7

Altars:
Makhleb
Sif Muna


Innate Abilities, Weirdness & Mutations

Your experience applies equally to all skills.
You have very sharp teeth.
Your uncanny sense of smell can sniff out nearby items.
You have a pair of small antennae on your head.
You tend to lose your temper in combat.
You passively map a small area around you.


Message History

You feel aware of your surroundings.
You sensed 3 altars.
It was a scroll of magic mapping.
The wight hits you from afar with a halberd.
The wight completely misses you. The wight misses you.
Unknown command.
Unknown command.
As you read the scroll labeled NYAGECZAAL, it crumbles to dust.
You feel strangely unstable.
It was a scroll of teleportation.
The wight barely misses you. The wight completely misses you.
A wight comes into view. It is wielding an enchanted trident.
You completely miss the wight.
The wight hits you from afar with a halberd.
* * * LOW HITPOINT WARNING * * *
You feel drained. The wight closely misses you.
You hit the wight but do no damage.
Your icy armour evaporates.
Your surroundings suddenly seem different.
Unknown command.
A worker ant comes into view.
You feel yourself speed up.
Found a deep blue altar of Sif Muna.
You recover from your berserk rage.
Found a stone staircase leading down.
There is a stone staircase leading down here.
You climb downwards.
There is a stone staircase leading up here.
Unknown command.
An ogre comes into view. It is wielding a giant club.
The helpless ogre fails to defend itself.
You puncture the ogre! You bite the ogre.
The ogre is severely wounded.
The ogre hits you with a giant club!!
* * * LOW HITPOINT WARNING * * *
Casting: Freeze
Confirm with . or Enter, or press ? or * to list all spells.
Aiming: Freeze
Press: ? - help, Shift-Dir - straight line, f - ogre
Aim: an ogre, wielding a giant club (severely wounded)
You freeze the ogre.
The ogre is almost dead.
Casting: Freeze
Confirm with . or Enter, or press ? or * to list all spells.
Aiming: Freeze
Press: ? - help, Shift-Dir - straight line, f/p - ogre
Aim: an ogre, wielding a giant club (almost dead)
You freeze the ogre.
You kill the ogre!
Things that are here:
a giant club; an ogre corpse
Found a gold wand.
Found a stone staircase leading down.
A killer bee comes into view.
An ogre comes into view. It is wielding a giant club.
The ogre shouts!
You see here a wand of digging (12).
e - a wand of digging (12)
Casting: Freeze
Confirm with . or Enter, or press ? or * to list all spells.
A film of ice covers your body!
Casting: Ozocubu's Armour
Confirm with . or Enter, or press ? or * to list all spells.
Aiming: Freeze
Press: ? - help, Shift-Dir - straight line, f - ogre
Aim: an ogre, wielding a giant club You freeze the ogre.
The ogre is lightly wounded.
The ogre hits you with a giant club!
* * * LOW HITPOINT WARNING * * *
Okay, then.
Casting: Freeze
Confirm with . or Enter, or press ? or * to list all spells.
You don't have enough magic to cast that spell.
You hit the ogre.
The ogre is moderately wounded.
You hit the ogre.
The ogre is moderately wounded.
The ogre barely misses you.
You barely miss the ogre.
The ogre is moderately wounded.
The ogre misses you.
You hit the ogre.
The ogre is poisoned.
The ogre is heavily wounded.
The ogre misses you.
You barely miss the ogre.
The ogre is heavily wounded.
The ogre barely misses you.
You barely miss the ogre.
The ogre is heavily wounded.
The ogre misses you.
Casting: Freeze
Confirm with . or Enter, or press ? or * to list all spells.
Aiming: Freeze
Press: ? - help, Shift-Dir - straight line, f/p - ogre
Aim: an ogre, wielding a giant club (severely wounded, poisoned)
You freeze the ogre.
The ogre is severely wounded.
You closely miss the ogre.
The ogre is severely wounded.
The ogre hits you with a giant club.
You die...

#+#..* ,
#.##.## ,,,
#.# ..# ,
#.###.## ,,
##......#* ∆
#)####..##,
#.# #...# ,
#.####.#.##,
*
#..<.#.#@.#
*
#.####.##O#,
, #.# #.#
...** * #.#
#.# #.... ,
, ,..# #.#
.>....
***#.#* #.*
#.##.#* #..
.#*,# , #. *
.# *


You could see an ogre.

Vanquished Creatures
  A water moccasin (D:6)
  Duvessa (D:4)
  A sky beast (D:6)
  A phantom (D:5)
  2 ogres
  2 centaurs (D:5)
  Dowan (D:4)
  A scorpion (D:5)
  A howler monkey (D:4)
  A crimson imp (D:6)
  A jelly (D:5)
  2 bullfrog skeletons
  2 iguanas
  An orc wizard (D:6)
  2 worker ants
  3 adders
  2 gnolls (D:6)
  2 howler monkey skeletons
  A worm (D:3)
  A leopard gecko (D:6)
  11 orcs
  3 bats
  A giant cockroach (D:6)
  3 goblins (D:3)
  7 hobgoblins
  3 jackals (D:4)
  2 frilled lizards
  A giant cockroach zombie (D:6)
  A leopard gecko skeleton (D:6)
  A quokka zombie (D:5)
  7 rats
69 creatures vanquished.

Notes
Turn   | Place    | Note
-------+----------+-------------------------------------------
     0 | D:1      | tidbits the Gnoll Ice Elementalist began the quest for the Orb.
     0 | D:1      | Reached XP level 1. HP: 13/13 MP: 6/6
    47 | D:3      | Noticed a worker ant
    55 | D:3      | Killed a worker ant
    55 | D:3      | Reached skill level 2 in Conjurations
    55 | D:3      | Reached XP level 2. HP: 17/20 MP: 2/7
    55 | D:3      | Reached XP level 3. HP: 21/25 MP: 2/9
    76 | D:3      | Reached skill level 5 in Spellcasting
   148 | D:4      | Reached skill level 1 in Fighting
   148 | D:4      | Reached skill level 1 in Short Blades
   148 | D:4      | Reached skill level 1 in Long Blades
   148 | D:4      | Reached skill level 1 in Axes
   148 | D:4      | Reached skill level 1 in Maces & Flails
   148 | D:4      | Reached skill level 1 in Polearms
   148 | D:4      | Reached skill level 1 in Staves
   148 | D:4      | Reached skill level 1 in Slings
   148 | D:4      | Reached skill level 1 in Bows
   148 | D:4      | Reached skill level 1 in Crossbows
   148 | D:4      | Reached skill level 1 in Throwing
   148 | D:4      | Reached skill level 1 in Armour
   148 | D:4      | Reached skill level 1 in Shields
   148 | D:4      | Reached skill level 1 in Unarmed Combat
   148 | D:4      | Reached skill level 1 in Invocations
   148 | D:4      | Reached skill level 1 in Evocations
   148 | D:4      | Reached XP level 4. HP: 12/32 MP: 1/11
   204 | D:2      | Reached skill level 1 in Hexes
   204 | D:2      | Reached skill level 1 in Charms
   204 | D:2      | Reached skill level 1 in Summonings
   204 | D:2      | Reached skill level 1 in Necromancy
   204 | D:2      | Reached skill level 1 in Translocations
   204 | D:2      | Reached skill level 1 in Transmutations
   204 | D:2      | Reached skill level 1 in Fire Magic
   204 | D:2      | Reached skill level 1 in Air Magic
   204 | D:2      | Reached skill level 1 in Earth Magic
   204 | D:2      | Reached skill level 1 in Poison Magic
   431 | D:4      | Reached XP level 5. HP: 16/37 MP: 9/12
   435 | D:4      | Learned a level 2 spell: Throw Frost
   439 | D:4      | Learned a level 3 spell: Ozocubu's Armour
   476 | D:4      | Noticed Duvessa
   482 | D:4      | Noticed Dowan
   508 | D:4      | Killed Duvessa
   508 | D:4      | Reached skill level 2 in Invocations
   508 | D:4      | Reached XP level 6. HP: 19/44 MP: 3/13
   527 | D:4      | Killed Dowan
   554 | D:5      | Entered Level 5 of the Dungeon
   557 | D:6      | Noticed a sky beast
   563 | D:5      | Reached skill level 5 in Dodging
   574 | D:5      | Noticed a phantom
   583 | D:5      | Reached skill level 2 in Fighting
   583 | D:5      | Reached skill level 2 in Short Blades
   583 | D:5      | Reached skill level 2 in Long Blades
   583 | D:5      | Reached skill level 2 in Axes
   583 | D:5      | Reached skill level 2 in Maces & Flails
   583 | D:5      | Reached skill level 2 in Polearms
   583 | D:5      | Reached skill level 2 in Staves
   583 | D:5      | Reached skill level 2 in Slings
   583 | D:5      | Reached skill level 2 in Bows
   583 | D:5      | Reached skill level 2 in Crossbows
   583 | D:5      | Reached skill level 2 in Throwing
   583 | D:5      | Reached skill level 2 in Armour
   583 | D:5      | Reached skill level 2 in Shields
   583 | D:5      | Reached skill level 2 in Unarmed Combat
   583 | D:5      | Reached skill level 2 in Evocations
   589 | D:5      | Reached XP level 7. HP: 23/50 MP: 1/15
   592 | D:5      | Gained mutation: You tend to lose your temper in combat. [potion of mutation]
   592 | D:5      | Gained mutation: You passively map a small area around you. [potion of mutation]
   592 | D:5      | Gained mutation: You have a pair of small antennae on your head. [potion of mutation]
   659 | D:5      | Reached skill level 2 in Hexes
   659 | D:5      | Reached skill level 2 in Charms
   659 | D:5      | Reached skill level 2 in Summonings
   659 | D:5      | Reached skill level 2 in Necromancy
   659 | D:5      | Reached skill level 2 in Translocations
   659 | D:5      | Reached skill level 2 in Transmutations
   659 | D:5      | Reached skill level 2 in Fire Magic
   659 | D:5      | Reached skill level 2 in Air Magic
   659 | D:5      | Reached skill level 2 in Earth Magic
   659 | D:5      | Reached skill level 2 in Poison Magic
   669 | D:5      | Reached skill level 3 in Conjurations
   877 | D:5      | Reached skill level 5 in Stealth
   896 | D:5      | Reached skill level 3 in Invocations
  1004 | D:6      | Found a burning altar of Makhleb.
  1046 | D:6      | Reached skill level 6 in Ice Magic
  1046 | D:6      | Reached XP level 8. HP: 39/57 MP: 6/16
  1105 | D:6      | Reached skill level 3 in Fighting
  1105 | D:6      | Reached skill level 3 in Short Blades
  1105 | D:6      | Reached skill level 3 in Long Blades
  1105 | D:6      | Reached skill level 3 in Axes
  1105 | D:6      | Reached skill level 3 in Maces & Flails
  1105 | D:6      | Reached skill level 3 in Polearms
  1105 | D:6      | Reached skill level 3 in Staves
  1105 | D:6      | Reached skill level 3 in Slings
  1105 | D:6      | Reached skill level 3 in Bows
  1105 | D:6      | Reached skill level 3 in Crossbows
  1105 | D:6      | Reached skill level 3 in Throwing
  1105 | D:6      | Reached skill level 3 in Armour
  1105 | D:6      | Reached skill level 3 in Shields
  1105 | D:6      | Reached skill level 3 in Unarmed Combat
  1105 | D:6      | Reached skill level 3 in Evocations
  1171 | D:6      | Reached skill level 6 in Spellcasting
  1201 | D:6      | Found a deep blue altar of Sif Muna.
  1237 | D:7      | HP: 2/58 [ogre/giant club (17)]
  1245 | D:7      | Slain by an ogre

Skill      XL: |  1  2  3  4  5  6  7  8 |
---------------+-------------------------+-----
Conjurations   | 2 3 |  3.4
Spellcasting   | 5 6 |  6.0
Fighting       | 1 2 3 |  3.2
Short Blades   | 1 2 3 |  3.2
Long Blades    | 1 2 3 |  3.2
Axes           | 1 2 3 |  3.2
Maces & Flails | 1 2 3 |  3.2
Polearms       | 1 2 3 |  3.2
Staves         | 1 2 3 |  3.2
Slings         | 1 2 3 |  3.2
Bows           | 1 2 3 |  3.2
Crossbows      | 1 2 3 |  3.2
Throwing       | 1 2 3 |  3.2
Armour         | 1 2 3 |  3.2
Shields        | 1 2 3 |  3.2
Unarmed Combat | 1 2 3 |  3.2
Invocations    | 1 2 3 |  3.5
Evocations     | 1 2 3 |  3.2
Hexes          | 1 2 |  2.6
Charms         | 1 2 |  2.6
Summonings     | 1 2 |  2.6
Necromancy     | 1 2 |  2.6
Translocations | 1 2 |  2.6
Transmutations | 1 2 |  2.6
Fire Magic     | 1 2 |  2.6
Air Magic      | 1 2 |  2.6
Earth Magic    | 1 2 |  2.6
Poison Magic   | 1 2 |  2.6
Dodging        | 5 |  5.6
Stealth        | 5 |  5.3
Ice Magic      | 6 |  6.1

Action                   |  1- 3 |  4- 6 |  7- 9 || total
-------------------------+-------+-------+-------++-------
Melee: Short sword       |    11 |    22 |       ||    33
       Bite              |       |     4 |     4 ||     8
       Rapier            |       |    17 |   116 ||   133
       Punch             |       |       |     3 ||     3
 Cast: Freeze            |    16 |    28 |    26 ||    70
       Ozocubu's Armour  |       |     2 |     7 ||     9
       Throw Frost       |       |       |     4 ||     4
  Use: Potion            |       |     4 |     1 ||     5
       Scroll            |       |     2 |     7 ||     9
 Stab: Sleeping          |     2 |     1 |     3 ||     6
  Eat: Chunk             |       |       |     1 ||     1
Armor: Robe              |     4 |     9 |    19 ||    32
Dodge: Dodged            |    15 |    38 |   123 ||   176

Table legend:
 A = Turns spent in this place as a percentage of turns spent in the entire game.
 B = Non-inter-level travel turns spent in this place as a percentage of non-inter-level travel turns spent in the entire game.
 C = Inter-level travel turns spent in this place as a percentage of turns spent in this place.
 D = Turns resting spent in this place as a percentage of non-inter-level travel turns spent in this place.
 E = Turns spent auto-exploring this place as a percentage of non-inter-level travel turns spent in this place.
 F = Non-inter-level travel turns spent in this place divided by the number of levels of this place that you've seen.
                   A       B       C       D       E      F
               +-------+-------+-------+-------+-------+----------------------
         Total | 100.0 | 100.0 |   0.0 |   0.0 |   0.0 | 177.9
       Dungeon | 100.0 | 100.0 |   0.0 |   0.0 |   0.0 | 177.9
               +-------+-------+-------+-------+-------+----------------------

Table legend:
 A = Kills in this place as a percentage of kills in entire the game.
 B = Kills by you in this place as a percentage of kills by you in the entire game.
 C = Kills by friends in this place as a percentage of kills by friends in the entire game.
 D = Other kills in this place as a percentage of other kills in the entire game.
 E = Experience gained in this place as a percentage of experience gained in the entire game.
 F = Experience gained in this place divided by the number of levels of this place that you have seen.
                   A       B       C       D       E      F
               +-------+-------+-------+-------+-------+----------------------
         Total | 100.0 | 100.0 |   N/A |   N/A | 100.0 | 249.6
       Dungeon | 100.0 | 100.0 |   N/A |   N/A | 100.0 | 249.6
               +-------+-------+-------+-------+-------+----------------------

Vault maps used:
D:1:      dpeg_arrival_lava_temple_mockup, serial_co_window_serial,
          co_window_of_opportunity_a, co_window_corner_a, co_window_corner_a,
          co_window_of_opportunity_a, co_window_paths_b,
          co_window_unsneaky_path_a, co_window_broadway_c, co_window_2corner,
          co_window_2corner, co_window_paths_d, glass_columns_a,
          glass_columns_b, glass_columns_b, glass_columns_a, glass_columns_a
D:2:      moated_statue
D:3:      grunt_gozag_statues, first_ration
D:4:      temple_fountains, minmay_goblin_outpost, uniq_duvessa
D:6:      overflow_temple_1_default, okawaru_altar_gauntlet_db,
          kennysheep_little_box, eat_drink_and_be_merry_uskayaw
D:7:      nicolae_overflow_hidden_temple
